 Dungeon Crawl Stone Soup version 0.25.1-9-gc5326a611f (webtiles) character file.

Game seed: 10917649888711197198

9443 Shugal the Cleaver (level 11, 0/99 HPs)
             Began as a Minotaur Berserker on Dec 26, 2020.
             Was the Champion of Trog.
             Slain by a purple ugly thing (12 damage)
             ... on level 11 of the Dungeon.
             The game lasted 00:34:00 (12037 turns).

Shugal the Cleaver (Minotaur Berserker)            Turns: 12037, Time: 00:34:00

Health: 0/99       AC: 15    Str: 23    XL:     11   Next: 23%
Magic:  0/3        EV:  5    Int:  5    God:    Trog [******]
Gold:   1997       SH:  3    Dex: 11    Spells: 10/10 levels left

rFire    . . .     SeeInvis .   O - +1 broad axe (antimagic)
rCold    . . .     Gourm    .   w - +0 buckler
rNeg     . . .     Faith    .   K - +0 plate armour
rPois    .         Spirit   +   (helmet restricted)
rElec    .         Reflect  .   d - +0 cloak
rCorr    .         Harm     .   M - +0 pair of gloves
MR       .....                  L - +2 pair of boots
Stlth    ..........             y - amulet of guardian spirit
HPRegen  0.26/turn              (no ring)
MPRegen  0.08/turn              (no ring)

@: extremely drained
A: retaliatory headbutt, horns 2
a: Berserk, Trog's Hand, Brothers in Arms, Renounce Religion


You were on level 11 of the Dungeon.
You worshipped Trog.
Trog was exalted by your worship.
You were not hungry.

You visited 1 branch of the dungeon, and saw 11 of its levels.
You also visited: Sewer.

You collected 1997 gold pieces.

Inventory:

Hand Weapons
 z - a +0 war axe
 E - a +2 war axe of venom
 I - a +6 hand axe of flaming
 O - a +1 antimagic broad axe (weapon)
Missiles
 m - 17 boomerangs
 R - 9 curare-tipped darts (quivered)
Armour
 d - a +0 cloak (worn)
 v - a scarf of invisibility
 w - a +0 buckler (worn)
 C - a +3 chain mail
 K - a +0 plate armour (worn)
 L - a +2 pair of boots (worn)
 M - a +0 pair of gloves (worn)
Jewellery
 b - a +4 ring of protection
 r - an uncursed ring of resist corrosion {unknown}
 s - an uncursed ring of protection from cold {unknown}
 y - an amulet of guardian spirit (around neck)
 N - a +4 ring of protection
Wands
 F - a wand of digging (6)
 P - a wand of random effects (22)
 Q - a wand of polymorph (6)
Scrolls
 e - 5 scrolls of enchant armour
 j - 2 scrolls of amnesia
 k - 3 scrolls of magic mapping
 n - 3 scrolls of blinking
 o - 2 scrolls of fear
 q - 4 scrolls of enchant weapon
 u - 6 scrolls of teleportation
 x - 4 scrolls of remove curse
 H - a scroll of noise
 J - 2 scrolls of immolation {unknown}
Potions
 f - 4 potions of flight
 g - 7 potions of curing
 h - 2 potions of cancellation
 i - 2 potions of magic
 p - a potion of haste {unknown}
 t - a potion of brilliance
 A - a potion of berserk rage {unknown}
 B - a potion of invisibility
 D - a potion of might {unknown}
 G - a potion of degeneration {unknown}
Comestibles
 c - 20 rations


   Skills:
 + Level 9.9(2.2) Fighting
 + Level 14.6(6.0) Axes
 + Level 2.6(0.0) Throwing
 + Level 8.8(1.3) Armour
 + Level 5.3(0.0) Dodging
 + Level 1.8(0.0) Stealth
 - Level 4.0(0.0) Shields


You had 10 spell levels left.
You didn't know any spells.
Your spell library was empty.

Dungeon Overview and Level Annotations

Branches:
Dungeon (11/15)            Temple (0/1) D:7             Orc (0/2) D:9
  Sewer (visited)
   Lair: D:8-11

Altars:
Cheibriados
Elyvilon
Fedhas
Hepliaklqana
Kikubaaqudgha
Nemelex Xobeh
Qazlal
Ru
Trog
Uskayaw
Wu Jian
Zin

Annotations:
D:11 Sonja


Innate Abilities, Weirdness & Mutations

You reflexively headbutt those who attack you in melee.
You have a pair of horns on your head.


Message History

You slash the purple ugly thing! You headbutt the purple ugly thing.
The purple ugly thing is almost dead.
The purple ugly thing tail-slaps you but does no damage.
You barely miss the purple ugly thing.
The purple ugly thing is almost dead.
The purple ugly thing tail-slaps you.
* * * LOW HITPOINT WARNING * * *
The purple ugly thing tail-slaps you!
* * * LOW HITPOINT WARNING * * *
You hit the purple ugly thing.
The purple ugly thing is almost dead.
The purple ugly thing tail-slaps you but does no damage.
Your plate armour prevents you from hitting the purple ugly thing.
The purple ugly thing is almost dead.
The purple ugly thing tail-slaps you.
* * * LOW HITPOINT WARNING * * *
Your plate armour prevents you from hitting the purple ugly thing.
The purple ugly thing is almost dead.
The purple ugly thing tail-slaps you!
You die...

.......'.....###..<.#
...# ########.....#
####.##....# #.....#
#........ #.....#
####....# #.....#
.### ###'### # #.#
#.# #@# #u# #.## #..#
##.# #....# ..####
##.# #.#


You could see a purple ugly thing.

Vanquished Creatures
  An unseen horror (D:10)
  A cyclops (D:10)
  Maurice (D:10)
  A troll (D:11)
  2 hornets
  2 hippogriffs
  9 yaks
  A hungry ghost (D:10)
  Grum (D:8)
  A water moccasin (D:9)
  2 soldier ants (D:10)
  2 orc warriors
  2 phantoms (D:6)
  6 ice beasts
  4 sky beasts
  An ogre (D:9)
  2 wolves (D:8)
  3 centaurs
  A big kobold (D:9)
  7 bullfrogs
  2 scorpions
  13 killer bees
  12 wights
  2 howler monkeys
  A centaur zombie (D:5)
  3 crimson imps
  A bullfrog zombie (D:6)
  5 hounds
  4 jellies
  8 orc priests
  2 bullfrog skeletons (D:6)
  13 orc wizards
  Jessica (D:2)
  5 iguanas
  Natasha (D:3)
  8 worker ants
  2 hound zombies (D:6)
  A hound skeleton (D:6)
  A worker ant zombie (D:9)
  6 gnolls
  11 adders
  A howler monkey skeleton (D:9)
  6 shadow imps
  6 oozes
  2 adder zombies
  2 worms (D:4)
  3 dart slugs
  16 leopard geckos
  53 orcs
  10 bats
  19 giant cockroaches
  14 goblins
  10 hobgoblins
  5 jackals
  9 kobolds
  5 quokkas
  9 ball pythons
  A ball python zombie (D:5)
  14 frilled lizards
  2 leopard gecko skeletons
  2 leopard gecko zombies
  8 rats
349 creatures vanquished.

Vanquished Creatures (others)
  A killer bee (D:11)
1 creature vanquished.

Grand Total: 350 creatures vanquished

Notes
Turn   | Place    | Note
-------+----------+-------------------------------------------
     0 | D:1      | Shugal the Minotaur Berserker began the quest for the Orb.
     0 | D:1      | Reached XP level 1. HP: 19/19 MP: 0/0
   191 | D:1      | Reached XP level 2. HP: 12/27 MP: 1/1
   195 | D:1      | Reached skill level 4 in Axes
   902 | D:1      | Reached XP level 3. HP: 33/33 MP: 2/2
  1079 | D:1      | Reached ** piety under Trog
  1561 | D:2      | Reached XP level 4. HP: 41/41 MP: 3/3
  1822 | D:2      | Noticed Jessica
  1838 | D:2      | Killed Jessica
  1838 | D:2      | Reached skill level 5 in Axes
  2261 | D:3      | Found a snail-covered altar of Cheibriados.
  2378 | D:3      | Reached XP level 5. HP: 39/47 MP: 4/4
  2544 | D:3      | Reached *** piety under Trog
  2557 | D:3      | HP: 1/47 [orc wizard/cursed -3 dagger (4)]
  2559 | D:3      | Reached skill level 6 in Axes
  2559 | D:3      | Reached XP level 6. HP: 1/55 MP: 5/5
  3171 | D:3      | Noticed Natasha
  3185 | D:3      | Killed Natasha
  3185 | D:3      | Reached skill level 5 in Fighting
  3608 | D:4      | Found an ornate altar of the Wu Jian Council.
  3618 | D:4      | Reached skill level 1 in Stealth
  4501 | D:5      | Entered Level 5 of the Dungeon
  4501 | D:5      | Found a hazy altar of Hepliaklqana.
  4510 | D:5      | Reached skill level 7 in Axes
  4553 | D:5      | Reached XP level 7. HP: 61/61 MP: 6/6
  4647 | D:5      | Found a white marble altar of Elyvilon.
  4717 | D:5      | Found a hide-covered altar of Uskayaw.
  5538 | D:6      | Reached skill level 8 in Axes
  5852 | D:6      | Reached **** piety under Trog
  5852 | D:6      | Reached XP level 8. HP: 66/70 MP: 5/7
  5885 | D:6      | Found a glowing drain.
  5904 | Sewer    | Entered a sewer
  5958 | Sewer    | Reached skill level 1 in Shields
  6152 | Sewer    | Reached ***** piety under Trog
  6403 | D:6      | Found a bloodstained altar of Trog.
  6413 | D:6      | Reached skill level 5 in Armour
  6423 | D:6      | Found a blossoming altar of Fedhas.
  6427 | D:6      | Reached skill level 9 in Axes
  6457 | D:6      | Reached skill level 1 in Throwing
  6929 | D:7      | Reached skill level 10 in Axes
  6957 | D:7      | Reached skill level 5 in Dodging
  6962 | D:7      | Reached XP level 9. HP: 73/79 MP: 8/8
  7018 | D:7      | Found a staircase to the Ecumenical Temple.
  7063 | D:7      | Found a glowing silver altar of Zin.
  7394 | D:7      | Found a sparkling altar of Nemelex Xobeh.
  7395 | D:7      | Found an ancient bone altar of Kikubaaqudgha.
  7532 | D:8      | Reached skill level 11 in Axes
  7811 | D:8      | Noticed Grum
  7819 | D:8      | Killed Grum
  8143 | D:8      | Reached skill level 12 in Axes
  8284 | D:8      | Reached XP level 10. HP: 86/88 MP: 9/9
  8460 | D:8      | Identified a scroll of acquirement
  8463 | D:8      | Acquired 1170 gold pieces
  8559 | D:9      | Received a gift from Trog
  8973 | D:9      | Found a staircase to the Orcish Mines.
  9267 | D:9      | Found a stormy altar of Qazlal.
  9321 | D:9      | Reached skill level 13 in Axes
  9454 | D:9      | Found a sacrificial altar of Ru.
  9749 | D:10     | Entered Level 10 of the Dungeon
 10025 | D:10     | Killed an unseen horror
 10214 | D:10     | Noticed a cyclops
 10224 | D:10     | Killed a cyclops
 10347 | D:10     | Received a gift from Trog
 10375 | D:10     | Reached ****** piety under Trog
 10391 | D:10     | Reached skill level 14 in Axes
 10391 | D:10     | Reached XP level 11. HP: 93/97 MP: 3/10
 10864 | D:10     | Noticed Maurice
 10880 | D:10     | Killed Maurice
 11007 | D:11     | Noticed Sonja
 12006 | D:11     | Noticed a purple ugly thing
 12037 | D:11     | Slain by a purple ugly thing

Illustrated notes

Levels and vault maps discovered:
D:1:      nzn_arrival_depleted_hourglass, layout_basic,
          chequers_serial_rivers_small_b
D:2:      layout_loops_cross, serial_park_tiny_2,
          minmay_fractal_squares_gapless_5, uniq_jessica
D:3:      layout_loops_corners, kennysheep_slug_shrine, uniq_natasha
D:4:      layout_loops_cross, nicolae_overflow_hidden_temple, first_ration,
          hangedman_abyss_or_decor_passed
D:5:      minmay_bubble_buster, layout_cave_pools, overflow_temple_1_default,
          lemuel_crystal_altar, basic_altar
D:6:      layout_rooms, overflow_temple_1_default,
          fedhas_bush_and_centaur_altar, portal_sewer_entry_f
D:7:      layout_rooms, minitemple, lemuel_doored_altar,
          minmay_temple_entry_slanted
D:8:      layout_gridville, uniq_grum
D:9:      layout_long_grid, marbit_many_paths, erik_orc_4, basic_altar,
          wad_dig_loot
D:10:     layout_irregular_city, hangedman_pestilent_swarm, uniq_maurice
D:11:     layout_roguey, dpeg_oklobed_lair, enter_bailey_6, uniq_sonja

Skill      XL: |  1  2  3  4  5  6  7  8  9 10 |
---------------+-------------------------------+-----
Axes           | 4 5 6 7 8 10 12 14 | 14.6
Fighting       | 4 5 6 7 8 9 |  9.9
Dodging        | 3 4 5 |  5.3
Stealth        | 1 |  1.8
Armour         | 4 5 6 8 |  8.8
Shields        | 2 3 4 |  4.0
Throwing       | 1 2 |  2.6

Action                   |  1- 3 |  4- 6 |  7- 9 | 10-12 || total
-------------------------+-------+-------+-------+-------++-------
Melee: Hand axe          |    80 |   148 |    70 |       ||   298
       Headbutt          |    17 |    26 |    64 |    58 ||   165
       War axe           |       |       |   280 |   165 ||   445
       Broad axe         |       |       |       |   132 ||   132
Throw: Boomerang         |       |     6 |    19 |     9 ||    34
       Dart              |       |       |       |     2 ||     2
Invok: Berserk           |       |     1 |     2 |     2 ||     5
  Use: Scroll            |       |       |     9 |     7 ||    16
       Potion            |       |       |       |     3 ||     3
  Eat: Chunk             |     2 |    10 |     8 |     4 ||    24
       Ration            |       |       |     2 |     3 ||     5
Armor: Animal skin       |     3 |    15 |       |       ||    18
       Scale mail        |       |     5 |    83 |       ||    88
       Chain mail        |       |       |    96 |    25 ||   121
       Plate armour      |       |       |       |   195 ||   195
Dodge: Dodged            |    48 |    95 |   205 |   136 ||   484
Block: Buckler           |       |       |    56 |    68 ||   124
